 Dungeon Crawl Stone Soup version 0.29-a0-371-g91724d5b39 (webtiles) character file.

Game seed: 6915621316822250630

3 Fragipani the Caller (level 1, 10/10 HPs)
             Began as a Kobold Summoner on May 3, 2022.
             Quit the game on level 2 of the Dungeon.
             The game lasted 00:02:43 (113 turns).

Fragipani the Caller (Kobold Summoner)               Turns: 113, Time: 00:02:43

Health: 10/10      AC:  2    Str:  5    XL:     1   Next: 55%
Magic:  3/3        EV: 15    Int: 16    God:
Gold:   5          SH:  0    Dex: 15    Spells: 3/4 levels left

rFire   . . .      SeeInvis .   c - +0 dagger
rCold   . . .      Faith    .   (no shield)
rNeg    . . .      Spirit   .   a - +0 robe
rPois   .          Reflect  .   (no helmet)
rElec   .          Harm     .   (no cloak)
rCorr   .          Rampage  .   (no gloves)
Will    .....                   (no boots)
Stlth   +++.......              (no amulet)
HPRegen 0.03/turn               (no ring)
MPRegen 0.08/turn               (no ring)

@: no status effects
A: small, no large weapons, nightstalker 3
a: no special abilities


You were on level 2 of the Dungeon.
You visited 1 branch of the dungeon, and saw 2 of its levels.

You collected 5 gold pieces.

Inventory:

Hand Weapons
 c - a +0 dagger (weapon)
Armour
 a - a +0 robe (worn)
Scrolls
 d - 2 scrolls of magic mapping {unknown}
Potions
 b - a potion of magic
 e - 2 potions of lignification {unknown}


   Skills:
 + Level 2.4 Dodging
 + Level 2.6 Stealth
 + Level 2.1 Spellcasting
 + Level 4.2 Summonings


You had 3 spell levels left.
You knew the following spells:

 Your Spells              Type           Power      Damage    Failure   Level
a - Summon Small Mammal   Summ           60%        N/A       3%          1

Your spell library contained the following spells:

 Spells                   Type           Power      Damage    Failure   Level
 Call Imp                 Summ           15%        N/A       5%          2
 Call Canine Familiar     Summ           15%        N/A       11%         3
 Summon Guardian Golem    Hex/Summ       8%         N/A       26%         3
 Summon Lightning Spire   Summ/Air       8%         N/A       65%         4


Dungeon Overview and Level Annotations

Branches:
Dungeon (2/15)

Altars:


Innate Abilities, Weirdness & Mutations

You are small and have problems with some larger weapons.
You are completely attuned to the shadows.


Message History

d - 2 scrolls labelled KIETSE ROOMM You enter the shallow water.
Moving in this stuff is going to be slow.
You now have 5 gold pieces.
You enter the shallow water.
Moving in this stuff is going to be slow.
You hit the fungus but do no damage.
Found 2 sedimented green potions.
Found a stone staircase leading down.
Found a puce potion.
e - 2 sedimented green potions A rat and a dart slug come into view.
You see here a puce potion.
You see here a puce potion.
The rat bites you. The rat misses you.
The rat twitches its whiskers.
The rat barely misses you.
You hit the rat.
The rat is heavily wounded.
The rat closely misses you.
You hit the rat.
You kill the rat!
The helpless dart slug fails to defend itself.
You puncture the dart slug!
The dart slug is severely wounded.
You hit the dart slug.
The dart slug is almost dead.
The dart slug closely misses you.
You hit the dart slug.
You kill the dart slug!
You see here a dart slug corpse.
You see here a dart slug corpse.
There are no objects that can be picked up here. a dart slug corpse You see here a dart slug corpse.
There is a stone staircase leading down here.
You climb downwards.
There is a stone staircase leading up here.
Char dumped successfully.
Are you sure you want to abandon this character and quit the game? (Confirm with "yes".)

#######
....@<#
##..###
#.. #..
...


There were no monsters in sight!

Vanquished Creatures
  A dart slug (D:1)
  A rat (D:1)
2 creatures vanquished.

Vanquished Creatures (others)
  2 fungi (D:1)
  A plant (D:1)
3 creatures vanquished.

Grand Total: 5 creatures vanquished

Notes
Turn   | Place    | Note
-------+----------+-------------------------------------------
     0 | D:1      | Fragipani the Kobold Summoner began the quest for the Orb.
     0 | D:1      | Reached XP level 1. HP: 10/10 MP: 3/3
   113 | D:2      | Quit the game

Illustrated notes

Levels and vault maps discovered:
D:1:      lemuel_arrival_muddy, layout_rooms,
          dilly_ecumenical_altar_fadedgnrine, minmay_pentomino_q2
D:2:      layout_basic, basic_altar

Action                   || total
-------------------------++-------
Melee: Dagger            ||    10
       Unarmed           ||     7
 Stab: Sleeping          ||     1
Dodge: Dodged            ||     4

Table legend: (Time is in decaauts)
 A = Elapsed time spent in this place.
 B = Non-inter-level travel time spent in this place.
 C = Inter-level travel time spent in this place.
 D = Time resting spent in this place.
 E = Time spent auto-exploring this place.
 F = Levels seen in this place.
 G = Mean time per level.
                   A        B        C        D        E       F      G
               +--------+--------+--------+--------+--------+-----+--------+
         Total |    114 |    114 |      0 |      0 |      0 |   2 |   57.0 |
       Dungeon |    114 |    114 |      0 |      0 |      0 |   2 |   57.0 |
               +--------+--------+--------+--------+--------+-----+--------+

Top non-repeatable levels by time:
     D:1: 112 daAuts
     D:2: 1 daAuts
